 Dungeon Crawl Stone Soup version 0.27.0-1-g7a089689b8 (webtiles) character file.

Game seed: 7719771692933029041

469 butteredtoast the Magician (level 6, -4/28 HPs)
             Began as a Spriggan Hedge Wizard on Aug 3, 2021.
             Was an Initiate of Kikubaaqudgha.
             Shot with an arrow by a centaur (7 damage)
             ... on level 5 of the Dungeon.
             The game lasted 00:22:27 (7170 turns).

butteredtoast the Magician (Spriggan Hedge Wizard)  Turns: 7170, Time: 00:22:28

Health: -4/28      AC:  2    Str:  6    XL:     6   Next: 82%
Magic:  15/15      EV: 19    Int: 18    God:    Kikubaaqudgha [......]
Gold:   202        SH:  0    Dex: 14    Spells: 4/16 levels left

rFire    . . .     SeeInvis +   n - +2 dagger (freeze)
rCold    . . .     Faith    .   (shield restricted)
rNeg     . . .     Spirit   .   b - +0 robe
rPois    .         Reflect  .   c - +0 hat
rElec    .         Harm     .   (no cloak)
rCorr    .         Rampage  .   (gloves unavailable)
Will     +....                  (boots unavailable)
Stlth    ++........             (no amulet)
HPRegen  0.09/turn              (no ring)
MPRegen  0.14/turn              (no ring)

@: very quick
A: very small, no large weapons, unfitting armour, see invisible, speed 3
a: Renounce Religion


You were on level 5 of the Dungeon.
You worshipped Kikubaaqudgha.
Kikubaaqudgha was noncommittal.
You visited 2 branches of the dungeon, and saw 6 of its levels.

You collected 202 gold pieces.

Inventory:

Hand Weapons
 a - a +0 dagger
 h - a +0 rapier
 n - a +2 dagger of freezing (weapon)
Missiles
 f - 18 poisoned darts
 r - a throwing net
Armour
 b - a +0 robe (worn)
 c - a +0 hat (worn)
Jewellery
 j - an amulet of faith
 k - a ring of magical power
Scrolls
 d - 2 scrolls of identify {unknown}
 e - a scroll of blinking {unknown}
 o - a scroll of enchant armour {unknown}
 q - a scroll of immolation {unknown}
Potions
 g - 4 potions of attraction {unknown}
 i - a potion of haste {unknown}
 l - 2 potions of curing {unknown}
 m - a potion of flight {unknown}
 p - a potion of degeneration {unknown}


   Skills:
 + Level 5.2 Dodging
 - Level 3.0 Stealth
 + Level 5.7 Spellcasting
 * Level 3.7 Conjurations
 - Level 0.7 Summonings
 * Level 0.4 Necromancy
 - Level 2.0 Translocations


You had 4 spell levels left.
You knew the following spells:

 Your Spells              Type           Power      Damage    Failure   Level
a - Magic Dart            Conj           72%        1d6       2%          1
b - Conjure Flame         Conj/Fire      12%        6-21      17%         3
c - Mephitic Cloud        Conj/Pois/Air  9%         N/A       22%         3
d - Blink                 Tloc           N/A        N/A       9%          2
e - Vampiric Draining     Necr           3%         2d6       30%         3

Your spell library contained the following spells:

 Spells                   Type           Power      Damage    Failure   Level
 Pain                     Necr           24%        1d5       11%         1
 Call Imp                 Summ           7%         N/A       14%         2
 Slow                     Hex            5%         N/A       19%         2
 Confusing Touch          Hex            5%         N/A       36%         3
 Tukima's Dance           Hex            5%         N/A       36%         3
 Passage of Golubria      Tloc           N/A        N/A       47%         4
 Agony                    Necr           6%         N/A       96%         5
 Excruciating Wounds      Necr           3%         N/A       96%         5
 Yara's Violent Unravell  Hex/Tmut       2%         3d3       98%         5


Dungeon Overview and Level Annotations

Branches:
Dungeon (5/15)             Temple (1/1) D:4

Altars:
Cheibriados
Elyvilon
Gozag
Kikubaaqudgha
Okawaru
Qazlal
Ru
Sif Muna
Trog
Uskayaw
Vehumet
Wu Jian
Xom
Yredelemnul
Zin
The Shining One

Shops:
D:2 *


Innate Abilities, Weirdness & Mutations

You are very small and have problems with some larger weapons.
You are too small for most types of armour.
You have supernaturally acute eyesight. (SInv)
You cover ground extremely quickly. (Speed+++)


Message History

Aim: a hound (severely wounded, 100% to hit)
The magic dart hits the hound but does no damage.
The hound is severely wounded.
Casting: Magic Dart (safe; 2% risk of failure)
Confirm with . or Enter, or press ? or * to list all spells.
Aiming: Magic Dart (safe; 2% risk of failure)
Press: ? - help, Shift-Dir - straight line, f/p - hound
Aim: a hound (severely wounded, 100% to hit)
The magic dart hits the hound.
The hound is almost dead.
A centaur comes into view.
The hound misses you.
Casting: Magic Dart (safe; 2% risk of failure)
Confirm with . or Enter, or press ? or * to list all spells.
Aiming: Magic Dart (safe; 2% risk of failure)
Press: ? - help, Shift-Dir - straight line, f/p - hound
Aim: a hound (almost dead, 100% to hit)
The magic dart hits the hound.
You kill the hound!
Kikubaaqudgha accepts your kill.
The centaur shouts!
The centaur wields a +0 shortbow.
The centaur shoots an arrow.
The arrow closely misses you.
The centaur shoots an arrow.
The arrow hits you!
There is a stone staircase leading up here.
The centaur shoots an arrow.
The arrow hits you!
You climb upwards.
There is a stone staircase leading down here.
Magic restored.
HP restored.
Done exploring.
You climb downwards.
The centaur shoots an arrow.
The arrow closely misses you. The necrophage barely misses you.
The centaur shoots an arrow.
The arrow hits you! The necrophage hits you.
There is a stone staircase leading up, spattered with blood here.
The centaur shoots an arrow.
The arrow hits you!
* * * LOW HITPOINT WARNING * * *
The centaur shoots an arrow.
The arrow hits you!
You die...
Kikubaaqudgha rasps: "You have failed me!
Welcome... death!"

#.# .. #.# .... #####.###
#.# ..... .... ..# # #.#
.).c####.. ... ...####.#
........##.#.. .........
#.#.(...... ......Y..
#.......####..####.._..##
#[.n..@................
##.####################
#.# #.# # #.# # ..# # ###
# #


You could see a necrophage and a centaur.

Vanquished Creatures
  A scorpion (D:3)
  A howler monkey (D:4)
  2 hounds
  An iguana (D:5)
  2 orc wizards
  A howler monkey skeleton (D:5)
  3 gnolls (D:2)
  9 adders
  A white imp (D:3)
  An ufetubus (D:4)
  3 worms
  4 dart slugs
  9 orcs
  5 ball pythons
  8 endoplasms
  9 goblins
  2 hobgoblins
  6 jackals
  4 kobolds
  4 quokkas
  9 bats
  2 frilled lizards
  5 rats
92 creatures vanquished.

Notes
Turn   | Place    | Note
-------+----------+-------------------------------------------
     0 | D:1      | butteredtoast the Spriggan Hedge Wizard began the quest for
                  | the Orb.
     0 | D:1      | Reached XP level 1. HP: 9/9 MP: 6/6
   141 | D:1      | Found a faded altar of an unknown god.
   160 | D:1      | Reached skill level 1 in Conjurations
   260 | D:1      | Reached XP level 2. HP: 13/13 MP: 5/8
  1139 | D:1      | You fall into a shaft and drop 1 floor!
  1191 | D:2      | Reached XP level 3. HP: 16/16 MP: 9/9
  1397 | D:2      | Found Taschug's General Store.
  1534 | D:2      | Learned a level 3 spell: Conjure Flame
  1538 | D:2      | Learned a level 3 spell: Mephitic Cloud
  1932 | D:2      | Found a basalt altar of Yredelemnul.
  2026 | D:2      | Reached XP level 4. HP: 15/21 MP: 1/11
  3452 | D:3      | Found Kuadgh's Antique Armour Shoppe.
  3533 | D:3      | Reached XP level 5. HP: 24/24 MP: 5/13
  3602 | D:3      | Reached skill level 5 in Spellcasting
  4193 | D:2      | Reached XP level 6. HP: 11/28 MP: 9/15
  4542 | D:3      | Learned a level 2 spell: Blink
  5592 | D:4      | Found a staircase to the Ecumenical Temple.
  5613 | D:4      | Reached skill level 5 in Dodging
  5802 | Temple   | Entered the Ecumenical Temple
  5965 | Temple   | Became a worshipper of Kikubaaqudgha
  6647 | D:5      | Entered Level 5 of the Dungeon
  6804 | D:5      | Learned a level 3 spell: Vampiric Draining
  6824 | D:5      | Found a basalt altar of Yredelemnul.
  6829 | D:5      | Noticed an ice beast
  7170 | D:5      | Shot with an arrow by a centaur

Illustrated notes

Levels and vault maps discovered:
D:1:      dpeg_arrival_subterranean_lakeside_camping, layout_basic,
          hellmonk_ecumenical_altar_arch_garden
D:2:      layout_basic, basic_altar, serial_shops, nicolae_shop_window_shopping
D:3:      layout_loops_ring, serial_shops, shop, minmay_misc_feat_square
D:4:      layout_basic, minmay_temple_entry_grid
D:5:      layout_loops_ring, mainiacjoe_overflow_boulevard
Temple:   regret_index_temple_waves

Skill      XL: |  1  2  3  4  5  6 |
---------------+-------------------+-----
Conjurations   | 1 2 3 |  3.7
Dodging        | 3 4 5 |  5.2
Spellcasting   | 5 |  5.7
Translocations | 2 |  2.0
Stealth        | |  3.0
Summonings     | |  0.7
Necromancy     | |  0.4

Action                   |  1- 3 |  4- 6 || total
-------------------------+-------+-------++-------
Melee: Dagger            |    30 |    26 ||    56
       Rapier            |    23 |    71 ||    94
 Cast: Magic Dart        |    72 |   155 ||   227
       Mephitic Cloud    |     1 |     7 ||     8
       Conjure Flame     |     1 |     1 ||     2
 Stab: Sleeping          |     2 |     6 ||     8
       Confused          |       |     5 ||     5
Armor: Robe              |    10 |    17 ||    27
Dodge: Dodged            |    73 |   134 ||   207
